 Dungeon Crawl Stone Soup version 0.32-a0-40-g2adb59ae06 (webtiles) character file.

Game seed: 6273425734151476505

64 mopl the Insei (level 4, 0/29 HPs)
             Began as an Octopode Shapeshifter on Jan 24, 2024.
             Slain by Grinder (5 damage)
             ... on level 3 of the Dungeon.
             The game lasted 00:01:26 (1320 turns).

mopl the Insei (Octopode Shapeshifter)              Turns: 1320, Time: 00:01:27

Health: 0/29       AC:  1    Str: 13    XL:     4   Next: 12%
Magic:  0/4        EV: 13    Int: 12    God:
Gold:   107        SH:  0    Dex: 13    Spells: 3/3 levels left

rFire   . .          .
                       - Unarmed
rCold   + . .        (no shield)
rNeg    . . .        (helmet currently unavailable)
rPois   .            j - amulet of guardian spirit
rElec   .            g - ring of protection from cold
rCorr   .            (no ring)
SInv    .            (no ring)
Will    .....        (no ring)
Stlth   ++           (no ring)
HPRegen 0.24/turn    (no ring)
MPRegen 0.09/turn    (no ring)
                     (no ring)

%: guardian spirit
@: beast-form
A: beast (slay +2), almost no armour, amphibious, 8 rings, camouflage 1,
gelatinous body 1, (nimble swimmer 1), tentacles
a: Begin Untransformation


You were on level 3 of the Dungeon.
You were a hulking beast.
You visited 1 branch of the dungeon, and saw 3 of its levels.

You collected 107 gold pieces.

Inventory:

Missiles
 f - 2 poisoned darts (quivered)
Jewellery
 g - a ring of protection from cold (left tentacle)
 j - an amulet of guardian spirit (around mantle)
Talismans
 b - a beast talisman
 c - a flux talisman
Scrolls
 d - 2 scrolls of identify {unknown}
 e - a scroll of teleportation {unknown}
 h - a scroll of immolation {unknown}
 i - a scroll of fear {unknown}
Potions
 a - a potion of lignification {!q}


   Skills:
 + Level 1.7 Fighting
 + Level 2.4 Dodging
 * Level 3.6 Unarmed Combat
 * Level 3.6 Shapeshifting


You had 3 spell levels left.
You didn't know any spells.
Your spell library contained the following spells:

 Spells                   Type           Power      Damage    Failure   Level
 Lesser Beckoning         Tloc           0%         N/A       45%         2
 Gell's Gravitas          Tloc           0%         N/A       69%         3
 Teleport Other           Tloc           0%         N/A       69%         3


Dungeon Overview and Level Annotations

Branches:
Dungeon (3/15)

Altars:

Annotations:
D:3 Grinder


Innate Abilities, Weirdness & Mutations

You are a hulking beast.
Your limbs bulge with bestial killing power. (Slay +2)
You cannot wear most types of armour.
You are amphibious.
You can wear up to eight rings at the same time.
Your skin changes colour to match your surroundings (Stealth+).
Your rubbery body absorbs attacks. (AC +1, EV +1)
((You are camouflaged when in or above water. (Stealth+)))
You have tentacles for arms and can constrict up to eight enemies at once.


Message History

You constrict the bat.
You kill the bat!
No target in view!
No target in view!
No target in view!
No target in view!
No target in view!
No target in view!
No target in view!
No target in view!
There is a stone staircase leading down here.
There is a stone staircase leading down here.
Done exploring.
Done exploring.
What level of the Dungeon? (default 2, ? - help)
There is a stone staircase leading down here.
You climb downwards.
There is a stone staircase leading up here.
Grinder comes into view.
Grinder shouts!
Grinder blinks!
Grinder gestures at you. You resist with significant effort.
Grinder gestures at you. Pain shoots through your body!
You tentacle-slap Grinder. You grab Grinder.
Grinder is lightly wounded.
You constrict Grinder. Grinder hits you.
You writhe in agony.
You are too injured to fight recklessly!
You are too injured to fight recklessly!
You tentacle-slap Grinder. You squeeze Grinder!
Grinder is moderately wounded.
You constrict Grinder.
You tentacle-slap Grinder but do no damage.
Grinder is heavily wounded.
You constrict Grinder. Grinder hits you!
* * * LOW HITPOINT WARNING * * *
You writhe in agony.
You die...
Grinder sighs, "Dead already?
I want a refund."

#### #..
#####.#
...#.#
#####.#.#
.......h###.#
#####.#5....#
#.#.#####
#####.#.#
#.......#
#.###.###
###.# #<..#
#####


You could see Grinder.

Vanquished Creatures
  A dart slug (D:1)
  2 ribbon worms (D:2)
  8 ball pythons
  4 bats
  7 endoplasms
  2 giant cockroaches
  4 goblins
  5 hobgoblins
  3 jackals (D:2)
  7 kobolds
  2 quokkas
  3 frilled lizards
  2 rats (D:1)
50 creatures vanquished.

Notes
Turn   | Place    | Note
-------+----------+-------------------------------------------
     0 | D:1      | mopl the Octopode Shapeshifter began the quest for the Orb.
     0 | D:1      | Reached XP level 1. HP: 13/13 MP: 1/1
    64 | D:1      | Reached XP level 2. HP: 18/18 MP: 2/2
   222 | D:1      | Reached XP level 3. HP: 20/23 MP: 3/3
   988 | D:2      | Reached XP level 4. HP: 29/29 MP: 4/4
  1310 | D:3      | Noticed Grinder
  1320 | D:3      | Slain by Grinder

Illustrated notes

Levels and vault maps discovered:
D:1:      dpeg_arrival_stone_temple_mockup, layout_basic, minmay_misc_feat_cross
D:2:      layout_loops_ring, chequers_serial_rivers_room_b, corexii_shack
D:3:      cheibrodos_thug_alley, layout_basic,
          mainiacjoe_overflow_catch_the_wave, serial_shops, shop, shop,
          nicolae_shop_statue_plus, nicolae_shop_waterfront,
          nicolae_shop_back_alley_shop, nrook_loot_triangle, uniq_sigmund,
          uniq_grinder

Action                     |  1- 3 |  4- 6 || total
---------------------------+-------+-------++-------
  Melee: Unarmed           |    86 |    10 ||    96
         Constrict         |    18 |     3 ||    21
         Tentacles         |    10 |     3 ||    13
         Punch             |     2 |       ||     2
   Stab: Sleeping          |     5 |     4 ||     9
 Armour: Skin              |    32 |     2 ||    34
  Dodge: Dodged            |    53 |     2 ||    55

Table legend: (Time is in decaauts)
 A = Elapsed time spent in this place.
 B = Non-inter-level travel time spent in this place.
 C = Inter-level travel time spent in this place.
 D = Time resting spent in this place.
 E = Time spent auto-exploring this place.
 F = Levels seen in this place.
 G = Mean time per level.
                   A        B        C        D        E       F      G
               +--------+--------+--------+--------+--------+-----+--------+
         Total |   1312 |   1292 |     20 |      0 |   1036 |   3 |  437.3 |
       Dungeon |   1312 |   1292 |     20 |      0 |   1036 |   3 |  437.3 |
               +--------+--------+--------+--------+--------+-----+--------+

Top non-repeatable levels by time:
     D:1: 685 daAuts
     D:2: 611 daAuts
     D:3: 16 daAuts
